 Dungeon Crawl Stone Soup version 0.14.0-12-g87ee3b7 (webtiles) character file.

623 Kae the Basher (level 6, 0/51 HPs)
             Began as a Minotaur Fighter on Apr 16, 2014.
             Slain by a gnoll
             ... wielding a +0,+0 trident
              (7 damage)
             ... on Level 3 of the Dungeon.
             The game lasted 00:06:54 (2848 turns).

Kae the Basher (Minotaur Fighter)                   Turns: 2848, Time: 00:06:55

HP   0/51        AC  7     Str 21      XL: 6   Next: 81%
MP   2/2         EV  6     Int  5      God:
Gold 155         SH 18     Dex  9      Spells:  0 memorised,  5 levels left

rFire  . . .     SeeInvis .     r - +2,+1 flail (holy)
rCold  + . .     Rnd*Rage +     b - +1 scale mail
rNeg   . . .     Conserve .     c - +0 shield
rPois  .         rCorr    .     (helmet restricted)
rElec  .         rRot     .     (no cloak)
SustAb . .       Spirit   .     (no gloves)
rMut   .         Warding  .     (no boots)
Saprov . . .     Stasis   .     (no amulet)
MR     .....                    s - ring of wizardry
                                i - ring of protection from cold

@: not resistant to hostile enchantments, extremely unstealthy
A: retaliatory headbutt, horns 2, berserk 1, dopey 1, low mp 1
a: no special abilities


You were on level 3 of the Dungeon.
You were very hungry.

You visited 1 branch of the dungeon, and saw 3 of its levels.

You collected 155 gold pieces.

Inventory:

Hand weapons
 a - a +0,+1 flail
 e - a +0,+2 flail of holy wrath
 r - a +2,+1 flail of holy wrath (weapon)
Armour
 b - a +1 scale mail (worn)
 c - a +0 shield (worn)
Comestibles
 d - 2 bread rations
 m - 3 meat rations
 n - 4 rotting chunks of orc flesh
 p - 2 pears
Scrolls
 k - a scroll of random uselessness {unknown}
 l - 6 scrolls of teleportation
 o - a scroll of enchant weapon II
Jewellery
 i - a ring of protection from cold (left hand)
 s - a ring of wizardry (right hand)
Potions
 h - a potion of mutation


   Skills:
 - Level 3.6 Fighting
 + Level 9.0 Maces & Flails
 - Level 3.6 Armour
 - Level 3.6 Shields


You had 5 spell levels left.
You didn't know any spells.

Dungeon Overview and Level Annotations

Branches:
Dungeon (3/15)

Altars:
Elyvilon
Nemelex Xobeh
Vehumet


Innate Abilities, Weirdness & Mutations

You reflexively headbutt those who attack you in melee.
You have a pair of horns on your head.
You tend to lose your temper in combat.
You are dopey. (Int -2)
Your magical capacity is low (-10% MP).


Message History

You block the gnoll's attack.
The gnoll hits you from afar with a halberd.
You sock the gnoll!
You kill the gnoll!
Your Maces & Flails skill increases to level 9!
The gnoll unwields an uncursed club.
The gnoll drops an uncursed club.
The gnoll picks up a trident.
The gnoll wields a trident.
You closely miss the gnoll. You block the gnoll's attack.
The gnoll hits you but does no damage.
You hit the gnoll but do no damage. The gnoll barely misses you.
You furiously retaliate!
You headbutt the gnoll!
The gnoll hits you from afar with a halberd!
* * * LOW HITPOINT WARNING * * *
You hit the gnoll.
The gnoll is severely wounded.
You block the gnoll's attack.
The gnoll hits you from afar with a halberd.
* * * LOW HITPOINT WARNING * * *
The gnoll hits you with a trident!
You die...

##############################
#............P................
#P.............P...........%..
#≈≈≈≈≈≈≈≈≈≈≈≈≈≈≈≈≈≈≈≈≈≈≈≈≈≈≈≈≈
#≈≈≈≈≈≈≈≈≈≈≈≈≈≈≈≈≈≈≈≈≈≈≈≈≈≈≈≈≈
#≈≈#####≈≈≈≈≈≈≈≈≈≈≈≈≈≈≈≈≈≈≈≈≈≈
####≈≈#...#......................
..##≈≈#...#######################
#.##≈≈###'#....'@g......#*,,,,,,,
#.##≈≈≈.#.#....###g######******+*
#...≈≈≈.#.#....#,*.gg,,,,,,,,,,,*
#..#≈≈≈.#.###'##,*.....,,,,,,,,,*
#..#≈≈≈.#......#,*.......,,,,,,,*
#..#≈≈≈.#......#,+......,,,,,,,,+
#...≈≈≈.#.#######################
##.#≈≈≈.#.#...........#....#.....
#..≈≈≈.#.'...........'....).....


You could see 4 gnolls.

Vanquished Creatures
  A gnoll sergeant (D:3)
  A hound (D:3)
  A centaur skeleton (D:3)
  A gnoll shaman (D:3)
  4 adders
  20 gnolls (D:3)
  A giant gecko (D:2)
  An ooze (D:3)
  5 orcs (D:3)
  7 hobgoblins
  17 jackals
  A quokka (D:2)
  A ball python (D:1)
  5 bats
  4 giant cockroaches
  4 giant newts
  8 goblins
  5 kobolds
  11 rats
98 creatures vanquished.

Notes
Turn   | Place    | Note
--------------------------------------------------------------
     0 | D:1      | Kae, the Minotaur Fighter, began the quest for the Orb.
     0 | D:1      | Reached XP level 1. HP: 19/19 MP: 1/1
   272 | D:1      | Reached XP level 2. HP: 24/26 MP: 1/1
   584 | D:2      | Reached skill level 4 in Maces & Flails
   584 | D:2      | Reached XP level 3. HP: 29/31 MP: 2/2
   962 | D:2      | Found a radiant altar of Vehumet.
   963 | D:2      | Found a white marble altar of Elyvilon.
  1208 | D:3      | Reached skill level 5 in Maces & Flails
  1208 | D:3      | Reached XP level 4. HP: 35/39 MP: 2/2
  1216 | D:3      | Found a sparkling altar of Nemelex Xobeh.
  1225 | D:3      | Reached skill level 6 in Maces & Flails
  1596 | D:3      | Reached XP level 5. HP: 27/45 MP: 2/2
  2364 | D:3      | Reached skill level 7 in Maces & Flails
  2409 | D:3      | Reached XP level 6. HP: 41/51 MP: 3/3
  2508 | D:3      | Reached skill level 8 in Maces & Flails
  2808 | D:3      | Noticed a gnoll sergeant
  2813 | D:3      | Gained mutation: You tend to lose your temper in combat. [potion of mutation]
  2813 | D:3      | Gained mutation: Your magical capacity is low (-10% MP). [potion of mutation]
  2813 | D:3      | Gained mutation: You are dopey. (Int -2) [potion of mutation]
  2836 | D:3      | Killed a gnoll sergeant
  2845 | D:3      | Reached skill level 9 in Maces & Flails
  2848 | D:3      | Slain by a gnoll

Action                   |  1- 3 |  4- 6 || total
-------------------------+-------+-------++-------
Melee: Flail             |    98 |   165 ||   263
  Use: Scroll            |     7 |       ||     7
       Potion            |     1 |     7 ||     8
